 Dungeon Crawl Stone Soup version 0.31.0-32-g396128a36d (webtiles) character file.

Game seed: 10388755128264054785

2046 MisterFreud the Carver (level 9, -18/84 HPs)
             Began as a Minotaur Fighter on Mar 30, 2024.
             Was a Believer of Qazlal.
             Killed from afar by Maggie (31 damage)
             ... with a bolt of fire
             ... on level 7 of the Dungeon.
             The game lasted 00:06:12 (6538 turns).

MisterFreud the Carver (Minotaur Fighter)           Turns: 6538, Time: 00:06:13

Health: -18/84     AC:  7    Str: 24    XL:     9   Next: 4%
Magic:  8/8        EV:  9    Int:  5    God:    Qazlal [**....]
Gold:   288        SH: 14    Dex: 11    Spells: 8/8 levels left

rFire   . . .        l - +4 falchion (elec)
rCold   . . .        c - +1 buckler
rNeg    . . .        b - +0 scale mail
rPois   .            (helmet restricted)
rElec   .            (no cloak)
rCorr   .            (no gloves)
SInv    .            (no boots)
Will    .....        u - amulet of reflection Stlth
                     (no ring)
HPRegen 0.34/turn    (no ring)
MPRegen 0.11/turn

%: reflection
@: mesmerised
A: horns 2, retaliatory headbutt
a: Renounce Religion, Upheaval


You were on level 7 of the Dungeon.
You worshipped Qazlal.
Qazlal was pleased with you.
You visited 2 branches of the dungeon, and saw 8 of its levels.

You collected 288 gold pieces.

Inventory:

Hand Weapons
 a - a +0 long sword
 l - a +4 falchion of electrocution (weapon)
Armour
 b - a +0 scale mail (worn)
 c - a +1 buckler (worn)
Jewellery
 u - an amulet of reflection (around neck)
 v - an amulet of the acrobat
Scrolls
 e - 7 scrolls of identify
 g - 2 scrolls of summoning {unknown}
 h - 2 scrolls of teleportation
 i - 2 scrolls of poison
 j - a scroll of silence {unknown}
 k - a scroll of enchant armour
 m - a scroll of immolation {unknown}
 n - a scroll of noise
 p - 2 scrolls of enchant weapon {unknown}
 s - a scroll of fog {unknown}
 y - a scroll of vulnerability {unknown}
Potions
 d - 3 potions of might
 f - 2 potions of ambrosia
 o - 4 potions of heal wounds
 q - a potion of curing
 r - a potion of degeneration
 t - a potion of mutation
 w - a potion of haste
 x - 2 potions of brilliance {unknown}
 z - a potion of invisibility {unknown}


   Skills:
 + Level 9.4 Fighting
 + Level 9.4 Long Blades
 - Level 6.0 Armour
 - Level 6.0 Shields


You had 8 spell levels left.
You didn't know any spells.
Your spell library contained the following spells:

 Spells                   Type           Power      Damage    Failure   Level
 Blink                    Tloc           0%         N/A       91%         2
 Lesser Beckoning         Tloc           0%         N/A       91%         2
 Momentum Strike          Conj/Tloc      0%         3d8       91%         2
 Summon Ice Beast         Ice/Summ       0%         N/A       99%         3
 Summon Mana Viper        Hex/Summ       0%         N/A       100%        5
 Monstrous Menagerie      Summ           0%         N/A       100%        7


Dungeon Overview and Level Annotations

Branches:
Dungeon (7/15)             Temple (1/1) D:4

Altars:
Ashenzari
Elyvilon
Fedhas
Gozag
Hepliaklqana
Kikubaaqudgha
Makhleb
Nemelex Xobeh
Okawaru
Qazlal
Ru
Uskayaw
Vehumet
Wu Jian
Xom
Yredelemnul
Zin
The Shining One

Annotations:
D:5 1 runed translucent door
D:7 Maggie


Innate Abilities, Weirdness & Mutations

You have a pair of horns on your head.
You reflexively headbutt those who attack you in melee.


Message History

You open the door.
Maggie the Vainglorious comes into view.
She is wielding a +0 halberd and carrying a wand of quicksilver.
Maggie shouts!
Maggie zaps a wand.
The bolt of dispelling energy hits you!
There is an open door here.
Maggie is nearby!
Maggie zaps a wand.
The bolt of dispelling energy hits you!
Maggie is nearby!
You hit Maggie. You headbutt Maggie.
Maggie is lightly wounded.
You hit Maggie but do no damage. Your headbutt misses Maggie.
Maggie is lightly wounded.
Maggie points at you and mumbles some strange words.
The bolt of fire hits you!
You hit Maggie. Lightning courses through Maggie!
Maggie is moderately wounded.
You block Maggie's attack.
You hit Maggie. You headbutt Maggie!
Maggie is heavily wounded.
Maggie mumbles some strange words.
Maggie attempts to bespell you!
You are mesmerised by Maggie!
You hit Maggie. Your headbutt misses Maggie.
Maggie is severely wounded.
Maggie hits you with a +0 halberd!
You hit Maggie but do no damage. You headbutt Maggie.
Maggie is severely wounded.
Maggie gestures at you while chanting. The bolt of fire hits you!!
* * * LOW HITPOINT WARNING * * *
You hit Maggie.
Maggie is severely wounded.
You closely miss Maggie. Your headbutt misses Maggie.
Maggie is severely wounded.
Maggie barely misses you.
You barely miss Maggie. You headbutt Maggie, but do no damage.
Maggie is severely wounded.
Maggie gestures at you while chanting. The bolt of fire hits you!!
You die...

#....#....##..##
#####....#....##..##
#...#....'..........
#...#....#..........
#...#...>###########
#...#............ #
#...#............ #
#...○............ #
#..@#............ #
#..@.#............ #
#....#............ #
##+###............ #
............. #
............. #
.............


You could see Maggie (mesmerising).

Vanquished Creatures
  The ghost of diceflayer the Chopper, an amateur MiFi of Okawaru (D:5)
  A steam dragon (D:6)
  A water moccasin (D:4)
  2 ice beasts
  A sky beast (D:7)
  A black bear (D:5)
  An ogre (D:3)
  A phantom (D:6)
  A bullfrog (D:6)
  A scorpion (D:6)
  A bombardier beetle (D:3)
  4 hounds
  A jelly (D:5)
  3 gnoll boudas
  An orc priest (D:5)
  Terence (D:2)
  A sleepcap (D:6)
  7 iguanas
  3 orc wizards
  15 gnolls
  9 adders
  2 ufetubi (D:5)
  2 dart slugs
  2 ribbon worms
  15 orcs
  10 ball pythons
  7 endoplasms
  A giant cockroach (D:5)
  5 goblins
  8 hobgoblins
  8 jackals
  2 quokkas
  12 bats
  3 frilled lizards
  12 kobolds
  6 rats
152 creatures vanquished.

Notes
Turn   | Place    | Note
-------+----------+-------------------------------------------
     0 | D:1      | MisterFreud the Minotaur Fighter began the quest for the
                  | Orb.
     0 | D:1      | Reached XP level 1. HP: 19/19 MP: 0/0
    99 | D:1      | Reached XP level 2. HP: 20/28 MP: 1/1
   372 | D:1      | Reached skill level 5 in Fighting
   412 | D:1      | Reached XP level 3. HP: 34/36 MP: 2/2
   858 | D:1      | HP: 1/37 [gnoll/+0 whip (4)]
  1006 | D:2      | Reached XP level 4. HP: 34/44 MP: 3/3
  1242 | D:2      | Noticed Terence
  1248 | D:2      | Killed Terence
  1249 | D:2      | Reached XP level 5. HP: 26/52 MP: 4/4
  1372 | D:2      | Found a stormy altar of Qazlal.
  1417 | D:2      | Became a worshipper of Qazlal Stormbringer
  1796 | D:3      | Found a faded altar of an unknown god.
  2151 | D:3      | Noticed an ogre
  2153 | D:3      | HP: 2/52 [ogre/+0 giant spiked club (29)]
  2154 | D:3      | Killed an ogre
  2371 | D:3      | Found an opulent altar of Gozag.
  2655 | D:3      | Reached XP level 6. HP: 61/61 MP: 5/5
  2770 | D:3      | Found a glowing silver altar of Zin.
  2770 | D:3      | Noticed an angel
  3022 | D:4      | Noticed a water moccasin
  3030 | D:4      | Killed a water moccasin
  3030 | D:4      | Reached * piety under Qazlal
  3031 | D:4      | Reached skill level 5 in Long Blades
  3293 | D:4      | Found a staircase to the Ecumenical Temple.
  3300 | D:4      | Reached XP level 7. HP: 68/68 MP: 6/6
  3829 | Temple   | Entered the Ecumenical Temple
  3848 | D:5      | Entered Level 5 of the Dungeon
  4265 | D:5      | Found a runed translucent door.
  4295 | D:5      | Noticed diceflayer's ghost (amateur MiFi)
  4411 | D:5      | Found a runed translucent door.
  4661 | D:5      | Reached ** piety under Qazlal
  4674 | D:5      | Reached XP level 8. HP: 55/74 MP: 7/7
  5062 | D:5      | Reached skill level 5 in Armour
  5382 | D:5      | Reached skill level 5 in Shields
  5390 | D:5      | Killed diceflayer's ghost
  6167 | D:6      | Found a burning altar of Makhleb.
  6167 | D:6      | Found a white marble altar of Elyvilon.
  6473 | D:7      | Reached XP level 9. HP: 68/84 MP: 8/8
  6527 | D:7      | Noticed Maggie
  6538 | D:7      | Killed from afar by Maggie

Illustrated notes

Levels and vault maps discovered:
D:1:      dpeg_arrival_round_b, layout_basic
D:2:      layout_rooms, basic_altar, uniq_terence
D:3:      layout_loops_corners, grunt_gozag_breadcrumbs, zin_angel,
          ebering_ecumenical_altar_webs
D:4:      layout_gridville, minmay_temple_entry_purple_smoke,
          minmay_fractal_squares_5
D:5:      nicolae_cairo_tiling_large_dashed, layout_layer_cave,
          ebering_ghost_sewer_f
D:6:      layout_basic, nicolae_overflow_two_pavilions,
          kennysheep_big_empty_room, hangedman_abyss_or_decor_lesser_grid
D:7:      layout_gridville, kennysheep_mini, lemuel_coloured_pillars_altar,
          hellmonk_guarded_unrand_vitality_bloodlust, uniq_maggie, uniq_pikel
Temple:   eino_narrow_crystal_temple

Skill      XL: |  1  2  3  4  5  6  7  8 |
---------------+-------------------------+-----
Fighting       | 4 5 6 7 8 9 |  9.4
Long Blades    | 3 5 8 9 |  9.4
Armour         | 4 6 |  6.0
Shields        | 4 6 |  6.0

Action                     |  1- 3 |  4- 6 |  7- 9 || total
---------------------------+-------+-------+-------++-------
  Melee: Long sword        |    92 |    51 |       ||   143
         Headbutt          |    13 |    21 |    27 ||    61
         Falchion          |       |    66 |   177 ||   243
    Use: Potion            |     1 |       |       ||     1
         Scroll            |       |       |     9 ||     9
 Armour: Scale mail        |    86 |    87 |    84 ||   257
  Dodge: Dodged            |    58 |    46 |    51 ||   155
  Block: Buckler           |    35 |    28 |    97 ||   160
         Reflection        |       |       |     1 ||     1
